AoeStats
← TheWakaEmu117

Arena

508763918Analyzed
1v1 RM · 8d ago on Sep 24, 2026· 51m 19s· 2 players
Game mode
Random Map
Map size
Tiny (2 player)
Population
200
Speed
Normal
Resources
Standard
Victory
Conquest
Starting age
Dark Age
Ending age
Imperial Age
RankedLock teamsTeams togetherTeam positionsShared explorationLock speedFull tech treeHidden civsTurbo modeCheats
Victory
Defeat
🇮🇹 Vietnamese · Italy
869
+18
🇺🇸 Mongols · United States
909
-47
OSSGiorgioT
10:42 Feudal Age
11:58 Wheelbarrow
16:47 Castle Age
19:22 Hand Cart
20:18 Gold Mining
21:31 Double-Bit Axe
22:04 Padded Archer Armor
23:05 Horse Collar
31:21 Imperial Age
29:35 Fletching
30:16 Thumb Ring
30:29 Leather Archer Armor
32:11 Ballistics
33:39 Bodkin Arrow
34:15 Ring Archer Armor
34:57 Chemistry
34:46 Heavy Plow
35:18 Paper Money
35:13 Bracer
35:47 Light Cavalry
36:38 Scale Barding Armor
36:44 Forging
37:16 Bloodlines
38:17 Bow Saw
38:32 Husbandry
39:50 Iron Casting
44:59 Two-Man Saw
44:21 Chain Barding Armor
44:23 Siege Engineers
44:50 Stone Mining
44:54 Elite Rattan Archer
46:54 Town Watch
48:38 Town Patrol
48:57 Elite Battle Elephant
49:39 Chatras
51:12 Plate Barding Armor
TheWakaEmu117
0:59 Loom
12:58 Feudal Age
14:17 Wheelbarrow
14:44 Fletching
14:59 Horse Collar
18:10 Forging
18:21 Double-Bit Axe
20:23 Gold Mining
23:44 Castle Age
23:28 Scale Barding Armor
23:27 Padded Archer Armor
23:37 Stone Mining
25:24 Husbandry
25:36 Bloodlines
24:49 Light Cavalry
26:08 Iron Casting
25:29 Bodkin Arrow
26:04 Bow Saw
26:39 Crossbowman
28:05 Hand Cart
29:08 Town Watch
29:18 Elite Skirmisher
33:25 Thumb Ring
34:02 Stone Shaft Mining
34:03 Gold Shaft Mining
37:16 Nomads
37:22 Town Patrol
38:09 Ballistics
37:46 Murder Holes
38:03 Masonry
38:43 Heavy Plow
42:55 Man-at-Arms
47:11 Imperial Age
45:53 Chain Barding Armor
47:23 Long Swordsman
47:24 Pikeman
48:32 Onager
49:38 Drill
49:40 Conscription
49:13 Hussar
Connection lost

Rejoining the realm…

Still unreachable

The connection could not be restored.

Session expired

The server has moved on; the page needs a fresh start.